 Dungeon Crawl Stone Soup version 0.20-a0-266-gdedccd6 (webtiles) character file.

6784 godofchicken the Grappler (level 10, -4/97 HPs)
             Began as a Troll Berserker on Dec 5, 2016.
             Was a High Priest of Trog.
             Slain by a troll (16 damage)
             ... led by an orc knight
             ... on level 9 of the Dungeon.
             The game lasted 00:29:34 (8197 turns).

godofchicken the Grappler (Troll Berserker)         Turns: 8197, Time: 00:29:34

Health: -4/97      AC: 10    Str: 31    XL:     10   Next: 76%
Magic:  9/9        EV: 13    Int:  3    God:    Trog [*****.]
Gold:   307        SH:  0    Dex: 13    Spells: 9/9 levels left

rFire  + + .     SeeInvis .     D - +2 flail (crush)
rCold  x . .     Gourm    +     I - +1 robe of Spring {rElec rF+ Str+3}
rNeg   . . .     Faith    .     (no shield)
rPois  .         Spirit   .     t - +1 hat
rElec  +         Reflect  .     V - +2 cloak
rCorr  .         Harm     .     (gloves unavailable)
MR     +++..     Clarity  +     (boots unavailable)
Stlth  ++........               s - amulet of rage
                                z - +4 ring of dexterity
                                d - ring of fire

@: regenerating
A: unfitting armour, claws 3, hooves 1, clarity, fast metabolism 3, gourmand,
magic resistance 1, regeneration 1, shaggy fur 1, tough skin 2, weak 1
a: Berserk, Trog's Hand, Brothers in Arms, Burn Spellbooks, Renounce Religion,
Evoke Berserk Rage


You were on level 9 of the Dungeon.
You worshipped Trog.
Trog was extremely pleased with you.
You were completely stuffed.

You visited 2 branches of the dungeon, and saw 11 of its levels.

You collected 432 gold pieces.
You spent 125 gold pieces at shops.

Inventory:

Hand Weapons
 D - a +2 flail of crushing (weapon)
 H - a +3 morningstar
 L - a +0 flail of protection
 T - a +1 fustibalus of flaming
Missiles
 y - 2 poisoned tomahawks (quivered)
Armour
 a - a +0 animal skin
 t - a +1 hat (worn)
 w - a +0 cloak
 I - the +1 robe of Spring (worn) {rElec rF+ Str+3}
   (You found it on level 6 of the Dungeon)

   It affects your strength (+3).
   It protects you from fire.
   It insulates you from electricity.
 V - a +2 cloak (worn)
Jewellery
 d - a ring of fire (left claw)
 n - an uncursed ring of fire
 s - an amulet of rage (around neck)
 z - a +4 ring of dexterity (right claw)
 E - an uncursed ring of teleportation
 J - a cursed ring of loudness {unknown}
 O - an uncursed ring of flight {unknown}
 P - an uncursed ring of protection from cold {unknown}
Wands
 p - a wand of confusion (35/48)
 C - a wand of paralysis (9/24)
 F - a wand of confusion (27/48)
 N - a wand of teleportation (3/9)
 W - a wand of random effects (22/48)
 X - a wand of iceblast (8/15)
Scrolls
 c - 7 scrolls of remove curse
 g - a scroll of random uselessness {unknown}
 h - 2 scrolls of enchant armour {unknown}
 j - a scroll of enchant weapon {unknown}
 k - a scroll of magic mapping {unknown}
 o - 4 scrolls of immolation {unknown}
 r - 3 scrolls of teleportation {unknown}
 u - a scroll of recharging {unknown}
 x - 8 scrolls of identify {unknown}
 G - a scroll of fear {unknown}
 K - 2 scrolls of noise {unknown}
 R - a scroll of brand weapon {unknown}
Potions
 i - a potion of agility
 l - 2 potions of cancellation {unknown}
 A - 2 potions of flight {unknown}
 B - 2 potions of might {unknown}
 M - a potion of degeneration {unknown}
 Q - a potion of lignification {unknown}
 S - a potion of invisibility {unknown}
 U - a potion of mutation {unknown}
Comestibles
 b - 8 bread rations
 f - 6 meat rations
 m - 3 beef jerkies
 q - a fruit
 v - a royal jelly
 Y - a chunk of flesh


   Skills:
 + Level 5.6 Fighting
 * Level 9.1 Maces & Flails
 + Level 6.2 Dodging
 - Level 2.2 Stealth
 - Level 9.4 Unarmed Combat


You had 9 spell levels left.
You didn't know any spells.

Dungeon Overview and Level Annotations

Branches:
Dungeon (10/15)            Temple (0/1) D:4             Orc (1/2) D:9
   Lair: D:8-11

Altars:
Fedhas
Gozag
Trog
Vehumet
Zin

Shops:
D:4 (   D:5 }*   D:6 }


Innate Abilities, Weirdness & Mutations

You are too large for most types of armour.
You have claws for hands.
Your metabolism is lightning-fast.
You like to eat raw meat.
Your natural rate of healing is unusually fast.
You are covered in fur. (AC +1)
You have very tough skin. (AC +2)
You have large cloven feet.
You possess an exceptional clarity of mind.
You are resistant to hostile enchantments. (MR+)
You are weak. (Str -2)


Message History

The troll closely misses you. The orc misses you.
The orc knight completely misses you. The orc wizard hits you with a dagger.
The troll barely misses you. The troll claws you. The troll barely misses you.
The orc misses you.
You hit the troll. Your kick misses the troll.
The troll is lightly wounded.
The troll bites you! The troll closely misses you. The troll barely misses you.
The orc misses you.
The orc wizard hits you but does no damage.
The orc wizard gestures at you while chanting.
The puff of flame hits you! You resist.
The orc knight hits you from afar with a halberd!
* * * LOW HITPOINT WARNING * * *
The orc wizard closely misses you.
The orc knight hits you from afar with a halberd!
* * * LOW HITPOINT WARNING * * *
Your skin crawls.
You feel resistant to hostile enchantments.
You feel somewhat less full. The troll bites you!
You die...

.....8..)>...8...........#
..........[..............#
.............oo..........#
....#.........#..........#
....#.........#.o........#
....#.........#oo#########
....#....8....#..#
....####...####.T#
.....####.......@#
.................#
.................#
###[####.........# #.#
#.........# #.#
#.........# #.#
#.........# #.#
#.........# #.#
#.........#


You could see an orc knight, a troll, an orc wizard and 2 orcs.

Vanquished Creatures
  Erica (D:9)
  Pikel (D:7)
  The ghost of Iwannabefree the Magician, a novice DESu of Vehumet (D:8)
  2 centaur skeletons
  A troll (D:9)
  Sigmund (D:2)
  The ghost of Iwannabefree the Magician, an amateur HENe (D:5)
  Eustachio (D:5)
  A hill giant zombie (D:9)
  A hungry ghost (D:9)
  2 orc warriors
  3 sky beasts
  3 black bears
  3 ogres
  3 phantoms
  2 ice beasts
  A necrophage (D:9)
  A centaur (D:6)
  4 bullfrogs
  A wyvern zombie (D:8)
  A scorpion (D:4)
  4 killer bees (D:8)
  6 wights
  2 howler monkeys
  A centaur zombie (D:7)
  3 crimson imps
  3 jellies
  2 bullfrog zombies
  2 bullfrog skeletons
  9 orc priests
  2 hounds
  9 orc wizards
  Crazy Yiuf (D:2)
  9 worker ants
  An iguana (D:4)
  6 ogre zombies (D:9)
  A hound zombie (D:9)
  2 mummies (D:9)
  Robin (D:2)
  A howler monkey skeleton (D:6)
  6 adders
  An ooze (D:5)
  An adder skeleton (D:8)
  An adder zombie (D:9)
  4 worms
  2 dart slugs
  6 leopard geckos
  33 orcs
  3 ball pythons
  9 bats
  A giant cockroach (D:6)
  13 goblins (D:2)
  8 hobgoblins
  23 jackals
  8 quokkas
  4 frilled lizards
  2 goblin skeletons (D:9)
  A goblin zombie (D:9)
  2 hobgoblin skeletons (D:9)
  2 hobgoblin zombies (D:9)
  10 kobolds
  4 orc skeletons (D:9)
  10 orc zombies (D:9)
  6 rats
260 creatures vanquished.

Vanquished Creatures (collateral kills)
  A troll zombie (D:9)
  An orc priest (D:9)
  A goblin zombie (D:9)
  3 orc zombies (D:9)
6 creatures vanquished.

Grand Total: 266 creatures vanquished

Notes
Turn   | Place    | Note
-------+----------+-------------------------------------------
     0 | D:1      | godofchicken the Troll Berserker began the quest for the Orb.
     0 | D:1      | Reached XP level 1. HP: 22/22 MP: 0/0
   237 | D:1      | Reached XP level 2. HP: 29/29 MP: 1/1
   453 | D:2      | Noticed Robin
   479 | D:2      | Reached XP level 3. HP: 13/36 MP: 2/2
   491 | D:2      | Killed Robin
   491 | D:2      | Reached ** piety under Trog
   746 | D:2      | Reached XP level 4. HP: 45/45 MP: 3/3
   749 | D:2      | Noticed Sigmund
   766 | D:2      | Killed Sigmund
   766 | D:2      | Reached skill level 5 in Unarmed Combat
   766 | D:2      | Reached XP level 5. HP: 53/53 MP: 4/4
   892 | D:2      | Found a bloodstained altar of Trog.
  1168 | D:2      | Found a runed door.
  1172 | D:2      | Noticed Crazy Yiuf
  1174 | D:2      | Killed Crazy Yiuf
  1174 | D:2      | Reached XP level 6. HP: 61/61 MP: 5/5
  1816 | D:3      | Reached *** piety under Trog
  2462 | D:4      | Found a staircase to the Ecumenical Temple.
  2466 | D:4      | Reached XP level 7. HP: 63/67 MP: 6/6
  2735 | D:4      | Found Modiohum's Antique Weapon Shop.
  2883 | D:5      | Entered Level 5 of the Dungeon
  2888 | D:5      | Noticed Eustachio
  2913 | D:5      | Killed Eustachio
  2913 | D:5      | Reached skill level 1 in Stealth
  3011 | D:5      | Found Vyna's Quality Used Wands.
  3050 | D:5      | Reached **** piety under Trog
  3055 | D:5      | Reached XP level 8. HP: 74/75 MP: 7/7
  3162 | D:5      | Noticed Iwannabefree's ghost (amateur HENe)
  3188 | D:5      | Killed Iwannabefree's ghost
  3364 | D:5      | Found Caselag's Assorted Antiques.
  3374 | D:5      | Bought a coral ring for 125 gold pieces
  3622 | D:5      | Reached skill level 1 in Maces & Flails
  3622 | D:5      | Reached skill level 5 in Dodging
  3845 | D:5      | Reached XP level 9. HP: 48/84 MP: 8/8
  4113 | D:5      | Found a bloodstained altar of Trog.
  4430 | D:6      | Got an ominously black robe
  4441 | D:6      | Identified the +1 robe of Spring {rElec rF+ Str+3} (You found it on level 6 of the Dungeon)
  4563 | D:6      | Gained mutation: You have large cloven feet. [mutagenic meat]
  4564 | D:6      | Gained mutation: You are weak. (Str -2) [mutagenic meat]
  4566 | D:6      | Gained mutation: You possess an exceptional clarity of mind. [mutagenic meat]
  4567 | D:6      | Gained mutation: You are resistant to hostile enchantments. (MR+) [mutagenic meat]
  4691 | D:6      | Reached ***** piety under Trog
  4847 | D:6      | Found Leckatheej's Gadget Boutique.
  5203 | D:7      | Found a blossoming altar of Fedhas.
  5296 | D:7      | Reached skill level 5 in Maces & Flails
  5522 | D:7      | Noticed Pikel
  5537 | D:7      | Killed Pikel
  5628 | D:8      | Reached skill level 5 in Fighting
  5925 | D:8      | Reached XP level 10. HP: 28/96 MP: 9/9
  6306 | D:8      | Noticed Iwannabefree's ghost (novice DESu)
  6317 | D:8      | Killed Iwannabefree's ghost
  6317 | D:8      | Received a gift from Trog
  6911 | D:9      | Found a staircase to the Orcish Mines.
  7179 | D:9      | Found a glowing silver altar of Zin.
  7179 | D:9      | Found a radiant altar of Vehumet.
  7454 | D:9      | Noticed Erica
  7479 | D:9      | Killed Erica
  7626 | D:9      | Found an opulent altar of Gozag.
  7894 | D:10     | Entered Level 10 of the Dungeon
  7940 | Orc:1    | Entered Level 1 of the Orcish Mines
  7943 | Orc:1    | Noticed an orc knight
  8197 | D:9      | Slain by a troll

Vault maps used:
D:1:      roderic_dead_forest, hangedman_decor_growths
D:2:      lemuel_statue_altar, uniq_sigmund, uniq_robin, uniq_crazy_yiuf_cottage
D:4:      serial_shops, nicolae_shop_stone, first_bread
D:5:      lightli_temple_of_fire, serial_shops, nicolae_shop_overgrown_old_shop,
          hangedman_abyss_or_decor_stagger, nicolae_for_you_no_charge,
          uniq_eustachio
D:6:      serial_shops, kennysheep_mini_moat
D:7:      fedhas_altar_1, uniq_pikel
D:9:      chequers_temple_overflow_statue_of_worship, zombieorc2_lemuel,
          serial_undead, serial_undead_f, serial_undead_b, serial_undead_f,
          serial_undead_d, grunt_gozag_statues, uniq_erica
Orc:1:    serial_shops, nicolae_shop_trees, basic_altar

Skill      XL: |  1  2  3  4  5  6  7  8  9 10 |
---------------+-------------------------------+-----
Dodging        | 3 4 5 6 |  6.2
Fighting       | 3 5 |  5.6
Unarmed Combat | 5 6 7 9 |  9.4
Stealth        | 1 2 |  2.2
Maces & Flails | 2 6 9 |  9.1

Action                   |  1- 3 |  4- 6 |  7- 9 | 10-12 || total
-------------------------+-------+-------+-------+-------++-------
Melee: Unarmed           |   102 |   139 |   106 |       ||   347
       Punch             |     1 |     2 |    23 |    15 ||    41
       Flail             |       |       |   247 |   260 ||   507
       Kick              |       |       |    65 |   114 ||   179
Invok: Berserk           |     1 |     1 |     3 |     2 ||     7
       Trog's Hand       |       |       |       |     2 ||     2
       Brothers in Arms  |       |       |       |     1 ||     1
  Use: Scroll            |       |       |     1 |       ||     1
       Potion            |       |       |       |     3 ||     3
 Stab: Sleeping          |       |     1 |     1 |     1 ||     3
  Eat: Chunk             |    13 |    17 |    34 |    21 ||    85
       Bread ration      |       |       |     1 |     1 ||     2
       Fruit             |       |       |       |     5 ||     5
Armor: Animal skin       |    34 |    91 |    67 |       ||   192
       Robe              |       |       |    76 |    85 ||   161
Dodge: Dodged            |    61 |   104 |   207 |   190 ||   562
